AoeStats
← BottleDry

Oasis

508966116Analyzed
4v4 RM · 7d ago on Sep 24, 2026· 45m 23s· 8 players
Game mode
Random Map
Map size
Large (8 player)
Population
200
Speed
Normal
Resources
Standard
Victory
Conquest
Starting age
Dark Age
Ending age
Imperial Age
RankedLock teamsTeams togetherTeam positionsShared explorationLock speedFull tech treeHidden civsTurbo modeCheats
Victory
Defeat
🇲🇽 Khmer · Mexico
1006
+17
🇪🇸 Magyars · Spain
997
+17
🇺🇸 Varangians · United States
961
+18
951
+19
🇲🇽 Danes · Mexico
1053
-19
🇧🇷 Romans · Brazil
1048
-53
🇹🇼 Cumans · Taiwan
1010
-18
🇲🇽 Chinese · Mexico
958
-15
BottleDry
9:02 Loom
11:23 Feudal Age
15:45 Castle Age
13:57 Horse Collar
16:51 Heavy Plow
16:44 Double-Bit Axe
19:45 Wheelbarrow
21:00 Bow Saw
23:14 Scale Barding Armor
23:22 Gold Mining
23:25 Stone Mining
24:16 Forging
25:52 Chain Barding Armor
26:04 Husbandry
26:14 Bloodlines
26:11 Fletching
26:22 Padded Archer Armor
25:59 Elite Skirmisher
27:26 Iron Casting
29:34 Fletching
30:00 Leather Archer Armor
31:12 Hand Cart
34:33 Imperial Age
33:16 Ballistics
32:54 Murder Holes
34:11 Bodkin Arrow
34:02 Vendel Legacy
34:55 Bloodlines
35:46 Conscription
36:43 Plate Barding Armor
36:09 Bracer
36:39 Ring Archer Armor
38:03 Chemistry
37:10 Siege Engineers
37:14 Elite Jarl
39:31 Blast Furnace
38:33 Scale Mail Armor
39:27 Capped Ram
41:36 Siege Ram
Riderelph
7:20 Loom
9:45 Feudal Age
8:00 Loom
10:26 Double-Bit Axe
11:53 Horse Collar
16:52 Wheelbarrow
20:49 Castle Age
19:07 Stone Mining
20:51 Bloodlines
21:12 Gold Mining
22:08 Bow Saw
22:35 Heavy Plow
22:33 Light Cavalry
24:26 Husbandry
26:11 Stone Shaft Mining
26:11 Gold Shaft Mining
26:33 Town Watch
28:26 Fletching
28:47 Forging
28:42 Scale Barding Armor
29:32 Bodkin Arrow
31:52 Hand Cart
32:02 Caravan
33:09 Fortified Wall
33:23 Ballistics
33:21 Bodkin Arrow
36:25 Imperial Age
35:39 Town Patrol
36:57 Chain Barding Armor
37:30 Conscription
37:55 Siege Engineers
40:34 Chain Barding Armor
41:06 Crop Rotation
40:43 Hussar
41:25 Elite Ballista Elephant
43:59 Plate Barding Armor
46:05 Chemistry
45:40 Double Crossbow
dan.rockerr
5:39 Loom
10:18 Feudal Age
11:28 Double-Bit Axe
12:16 Horse Collar
18:41 Wheelbarrow
24:02 Castle Age
24:29 Pikeman
27:44 Hand Cart
28:10 Heavy Plow
28:23 Bow Saw
28:58 Corvinian Army
29:46 Husbandry
30:05 Scale Barding Armor
31:05 Bloodlines
32:41 Chain Barding Armor
37:32 Imperial Age
36:26 Padded Archer Armor
36:16 Fletching
35:48 Elite Skirmisher
39:07 Conscription
41:53 Plate Barding Armor
41:27 Thumb Ring
42:30 Elite Magyar Huszar
Mario Monti per l'Italia
6:29 Loom
12:57 Feudal Age
17:20 Castle Age
17:08 Double-Bit Axe
17:06 Horse Collar
31:50 Imperial Age
30:40 Scale Mail Armor
30:51 Forging
30:32 Fletching
31:46 Wheelbarrow
30:57 Town Watch
31:41 Bow Saw
31:34 Heavy Plow
31:27 Gold Mining
31:29 Stone Mining
33:05 Hand Cart
33:30 Gold Shaft Mining
33:45 Conscription
33:29 Heavy Scorpion
35:13 Chemistry
35:00 Bodkin Arrow
35:20 Chain Mail Armor
35:53 Pikeman
36:34 Squires
35:55 Elite Varangian Guard
36:21 Gambesons
37:03 Halberdier
38:58 Plate Mail Armor
39:04 Iron Casting
38:22 Elite Jomsviking
39:23 Murder Holes
39:49 Ballistics
41:55 Blast Furnace
40:56 Bracer
42:36 Onager
43:35 Hamask
danny dillinger
4:02 Loom
11:40 Feudal Age
22:38 Castle Age
21:59 Fletching
22:04 Arson
22:31 Man-at-Arms
24:06 Double-Bit Axe
25:34 Bow Saw
27:48 Forging
27:34 Bodkin Arrow
31:56 Ballistics
32:50 Gold Mining
32:51 Stone Mining
36:33 Imperial Age
35:28 Thumb Ring
36:48 Gold Shaft Mining
37:47 Scale Mail Armor
38:22 Iron Casting
37:48 Padded Archer Armor
40:35 Siege Engineers
41:32 Chemistry
42:41 Capped Ram
Msk
9:46 Loom
12:15 Feudal Age
14:21 Wheelbarrow
14:44 Double-Bit Axe
20:15 Castle Age
19:08 Town Watch
19:14 Horse Collar
19:31 Gold Mining
22:28 Bow Saw
22:13 Fletching
23:51 Thumb Ring
25:37 Bodkin Arrow
25:42 Padded Archer Armor
28:20 Gold Shaft Mining
31:46 Imperial Age
31:51 Leather Archer Armor
32:12 Stone Mining
32:38 Pikeman
36:21 Chemistry
35:11 Halberdier
35:52 Squires
37:24 Ballistics
42:01 Bracer
theilor.taiariol
0:27 Loom
10:47 Feudal Age
11:37 Double-Bit Axe
15:04 Loom
21:03 Forging
20:54 Scale Mail Armor
23:22 Castle Age
22:07 Wheelbarrow
22:10 Man-at-Arms
24:59 Long Swordsman
25:54 Horse Collar
29:46 Gold Mining
29:47 Stone Mining
33:14 Coinage
32:22 Pikeman
33:02 Squires
34:59 Chain Mail Armor
38:31 Hand Cart
s520s
8:03 Loom
10:08 Feudal Age
11:22 Double-Bit Axe
13:49 Horse Collar
22:06 Castle Age
20:52 Forging
21:42 Bloodlines
22:09 Wheelbarrow
22:33 Scale Barding Armor
24:38 Gold Mining
25:05 Capped Ram
27:11 Gold Shaft Mining
26:26 Stone Mining
27:54 Heavy Plow
32:37 Imperial Age
31:30 Iron Casting
32:31 Hand Cart
32:46 Caravan
33:28 Chain Barding Armor
32:58 Cavalier
34:54 Conscription
36:26 Blast Furnace
36:03 Plate Barding Armor
36:15 Crop Rotation
35:59 Bow Saw
35:45 Stone Mining
38:05 Paladin
40:53 Cuman Mercenaries
41:28 Fletching
41:40 Padded Archer Armor
44:03 Onager
Connection lost

Rejoining the realm…

Still unreachable

The connection could not be restored.

Session expired

The server has moved on; the page needs a fresh start.